[Event "Stay Safe Play From Home slow tournament"]
[Site "Emanuel Lasker Arena"]
[Date "2020.08.29"]
[Round "2"]
[White "Kongle"]
[Black "MSteim67"]
[Result "1-0"]
[WhiteElo "1965"]
[BlackElo "1720"]
[Annotator "NA"]
[PlyCount "81"]
[EventDate "2020.08.29"]
[EventType "swiss (rapid)"]
[TimeControl "900+5"]

1. d4 d5 2. c4 e6 3. Nc3 Nf6 4. Bg5 h6 5. Bh4 Be7 6. e3 O-O 7. Bd3 dxc4 8. Bxc4 Nbd7 9. Bd3 c6 10. e4 c5 11. e5 Nd5 12. Bxe7 Qxe7 13. Nxd5 exd5 14. Nf3 cxd4 15. O-O Nxe5 16. Re1 Nxf3+ 17. Qxf3 Be6 18. Re5 Qb4 19. b3 Rac8 20. Rae1 Qd2 21. R5e2 Qc3 22. h3 Qb4 23. Qf4 Rc3 24. Bb1 a5 25. Rd2 d3 26. Qxb4 axb4 27. Bxd3 Rfc8 28. Kh2 b6 29. f4 d4 30. f5 Bd5 31. Re5 Ba8 32. Re7 R3c7 33. Rde2 Rc3 34. Bc4 Rf8 35. Rxf7 g6 36. fxg6 Rxc4 37. Rxf8+ Kxf8 38. bxc4 Kg7 39. Re6 d3 40. Rxb6 Be4 41. c5 {[%emt 0:00:42] Zeit (Lag: Av=1.06s, max=3.8s)} 1-0

[Event "Stay Safe Play From Home slow tournament"]
[Site "Emanuel Lasker Arena"]
[Date "2020.08.29"]
[Round "2"]
[White "Dave_H"]
[Black "Aadi3110theking"]
[Result "0-1"]
[WhiteElo "1875"]
[BlackElo "2078"]
[Annotator "NA"]
[PlyCount "40"]
[EventDate "2020.08.29"]
[EventType "swiss (rapid)"]
[WhiteTeam "SK Vellmar"]
[TimeControl "900+5"]

{Halt, David (2088)} 1. e4 c5 2. Nc3 Nc6 3. f4 e6 4. Nf3 d5 5. Bb5 Bd7 6. exd5 exd5 7. Nxd5 a6 8. Bxc6 Bxc6 9. Qe2+ Be7 10. Nxe7 Nxe7 11. O-O O-O 12. Ne5 Re8 13. d3 Nf5 14. Qg4 Qd4+ 15. Kh1 Rxe5 16. Qh3 Ne3 17. fxe5 Nxf1 18. c3 Qxe5 19. Qh4 Qe2 20. Qh3 Qe1 {[%emt 0:00:06] Dave_H gibt auf (Lag: Av=1.22s, max=2.2s)} 0-1

[Event "Stay Safe Play From Home slow tournament"]
[Site "Emanuel Lasker Arena"]
[Date "2020.08.29"]
[Round "3"]
[White "Kongle"]
[Black "B1b"]
[Result "0-1"]
[WhiteElo "1972"]
[BlackElo "2000"]
[Annotator "NA"]
[PlyCount "96"]
[EventDate "2020.08.29"]
[EventType "swiss (rapid)"]
[TimeControl "900+5"]

1. d4 d5 2. c4 e6 3. Nc3 Nf6 4. Nf3 Be7 5. e3 O-O 6. Bd3 b6 7. cxd5 exd5 8. O-O Nbd7 9. Bd2 Re8 10. Rc1 c6 11. a3 Bd6 12. Qc2 Nf8 13. h3 Ng6 14. b4 Bd7 15. Qb3 Ne4 16. Rfd1 Nh4 17. Be2 Nxf3+ 18. Bxf3 Qh4 19. Bxe4 dxe4 20. Ne2 g5 21. Ng3 Bxg3 22. fxg3 Qxg3 23. Be1 Qd6 24. d5 c5 25. bxc5 bxc5 26. Qc4 Rac8 27. Rd2 g4 28. hxg4 Bxg4 29. Rf2 Re5 30. Rf4 h5 31. Bc3 Rxd5 32. Rcf1 f5 33. Ba1 Kh7 34. Qc3 Rg8 35. Rxe4 Rd3 36. Qc4 fxe4 37. Qf7+ Kh6 38. Rf6+ Qxf6 39. Qxf6+ Rg6 40. Qf4+ Kh7 41. Qf7+ Kh6 42. Qf8+ Kg5 43. Be5 Rd1+ 44. Kh2 Bf5 45. Bf4+ Kg4 46. Qe7 h4 47. Qc7 Rd2 48. Qxa7 h3 {[%emt 0:00:01] Time (Lag: Av=0.95s, max=4.0s)} 0-1

[Event "Stay Safe Play From Home slow tournament"]
[Site "Emanuel Lasker Arena"]
[Date "2020.08.29"]
[Round "4"]
[White "Emine Yanik"]
[Black "Kongle"]
[Result "1-0"]
[WhiteElo "1733"]
[BlackElo "1956"]
[Annotator "NA"]
[PlyCount "101"]
[EventDate "2020.08.29"]
[EventType "swiss (rapid)"]
[TimeControl "900+5"]

1. f4 b6 2. b3 Bb7 3. Nf3 d6 4. Bb2 f6 5. d4 Nd7 6. Nbd2 Nh6 7. e4 e6 8. Nh4 Qe7 9. a4 a6 10. Bd3 O-O-O 11. Qe2 f5 12. Nhf3 fxe4 13. Nxe4 a5 14. Ba3 Nf6 15. b4 Nxe4 16. Bxe4 Bxe4 17. Qxe4 d5 18. Qe2 axb4 19. Qa6+ Kb8 20. Ne5 Qd6 21. a5 bxa3 22. axb6 Qb4+ 23. Ke2 cxb6 24. Nc6+ Kc7 25. Nxb4 Bxb4 26. Qa7+ Kc8 27. Qxb6 Bd6 28. Rhb1 Kd7 29. Qb7+ Bc7 30. Rb6 Rc8 31. Qc6+ Ke7 32. Qxe6+ Kf8 33. Rb7 Re8 34. Qxe8+ Kxe8 35. Rxc7 Nf7 36. Rxa3 Nd8 37. Ra8 g6 38. Kf3 h6 39. g4 Rf8 40. h4 g5 41. hxg5 hxg5 42. f5 Rh8 43. Kg2 Rh6 44. Rg7 Rc6 45. Rg8+ Kf7 46. Rgxd8 Rxc2+ 47. Kf3 Rc3+ 48. Ke2 Rc2+ 49. Kd3 Rg2 50. Rd7+ Kf6 51. Ra6# {[%emt 0:00:02] (Lag: Av=0.84s, max=3.4s)} 1-0

[Event "Stay Safe Play From Home slow tournament"]
[Site "Emanuel Lasker Arena"]
[Date "2020.08.29"]
[Round "5"]
[White "Dave_H"]
[Black "Aap64"]
[Result "1-0"]
[WhiteElo "1849"]
[BlackElo "1783"]
[Annotator "NA"]
[PlyCount "39"]
[EventDate "2020.08.29"]
[EventType "swiss (rapid)"]
[WhiteTeam "SK Vellmar"]
[TimeControl "900+5"]

{Halt, David (2088)} 1. e4 e6 2. d4 d5 3. Nd2 Nf6 4. e5 Nfd7 5. Bd3 c5 6. c3 Nc6 7. Ne2 f6 8. Nf4 Nb6 9. Qh5+ Ke7 10. Bxh7 cxd4 11. Ng6+ Kd7 12. Nxh8 dxc3 13. bxc3 Nxe5 14. O-O Qc7 15. Ng6 Nxg6 16. Qxg6 Qxc3 17. Rb1 Nc4 18. Nxc4 Qxc4 19. Qf7+ Be7 20. Ba3 {[%emt 0:00:03] Aap64 gibt auf (Lag: Av=0.50s, max=0.9s)} 1-0